 Dungeon Crawl Stone Soup version 0.26-a0-651-gb41185065b (webtiles) character file.

Game seed: 3280914230047483331

7956 nicanaca0 the Severer (level 11, -4/97 HPs)
             Began as a Minotaur Berserker on Oct 1, 2020.
             Was a High Priest of Trog.
             Slain by a two-headed ogre
             ... wielding a +0 giant club
              (20 damage)
             ... on level 11 of the Dungeon.
             The game lasted 00:13:47 (9831 turns).

nicanaca0 the Severer (Minotaur Berserker)          Turns: 9831, Time: 00:13:48

Health: -4/97      AC: 19    Str: 22    XL:     11   Next: 3%
Magic:  10/10      EV:  7    Int:  7    God:    Trog [*****.]
Gold:   368        SH:  0    Dex: 10    Spells: 10/10 levels left

rFire    . . .     SeeInvis .   a - +4 battleaxe (freeze)
rCold    . . .     Faith    .   (shield currently unavailable)
rNeg     . . .     Spirit   .   y - +0 plate armour
rPois    .         Reflect  .   (helmet restricted)
rElec    .         Harm     .   t - +0 cloak
rCorr    .         Rampage  .   D - +0 pair of gloves
MR       ++...                  P - +1 pair of boots
Stlth    ..........             M - amulet of magic regeneration
HPRegen  1.26/turn              H - ring of flight
MPRegen  0.37/turn              (no ring)

@: regenerating
A: retaliatory headbutt, horns 2
a: Berserk, Trog's Hand, Brothers in Arms, Renounce Religion, Evoke Flight


You were on level 11 of the Dungeon.
You worshipped Trog.
Trog was extremely pleased with you.
You visited 1 branch of the dungeon, and saw 11 of its levels.

You collected 758 gold pieces.
You spent 390 gold pieces at shops.

Inventory:

Hand Weapons
 a - a +4 battleaxe of freezing (weapon)
 b - a +1 whip of electrocution
 G - a +0 battleaxe
 N - a +0 vampiric hand axe
Missiles
 d - 33 poisoned darts (quivered)
Armour
 n - a +2 tower shield
 t - a +0 cloak (worn)
 w - a +0 buckler
 y - a +0 plate armour (worn)
 D - a +0 pair of gloves (worn)
 P - a +1 pair of boots (worn)
Jewellery
 x - an uncursed ring of protection from cold {unknown}
 H - a ring of flight (left hand)
 K - an uncursed amulet of reflection
 M - an amulet of magic regeneration (around neck)
 O - an uncursed ring of stealth {unknown}
Wands
 e - a wand of paralysis (10)
 u - a wand of random effects (60)
 z - a wand of flame (43)
Scrolls
 f - a scroll of vulnerability {unknown}
 g - 6 scrolls of remove curse
 i - 5 scrolls of fear
 j - 4 scrolls of identify
 l - 4 scrolls of teleportation
 m - a scroll of magic mapping
 p - 2 scrolls of fog
 q - a scroll of enchant armour {unknown}
 A - a scroll of enchant weapon {unknown}
 B - a scroll of immolation {unknown}
 J - a scroll of blinking {unknown}
 L - a scroll of noise {unknown}
Potions
 c - 4 potions of flight {unknown}
 h - 2 potions of magic
 k - 3 potions of heal wounds
 o - 3 potions of cancellation {unknown}
 r - 2 potions of invisibility {unknown}
 s - 3 potions of curing {unknown}
 v - a potion of resistance {unknown}
 C - 2 potions of lignification {unknown}
 E - 3 potions of brilliance {unknown}
 F - a potion of ambrosia {unknown}
 I - a potion of haste {unknown}


   Skills:
 + Level 9.4 Fighting
 * Level 15.7 Axes
 + Level 9.1 Armour
 - Level 2.1 Dodging


You had 10 spell levels left.
You didn't know any spells.
Your spell library was empty.

Dungeon Overview and Level Annotations

Branches:
Dungeon (11/15)            Temple (0/1) D:4            Lair (0/6) D:8
    Orc (0/2) D:10

Altars:
Fedhas
Makhleb
Uskayaw
Vehumet
Xom
Zin

Shops:
D:7 =   D:8 [   D:10 }

Annotations:
D:11 Giecesh's ghost, journeyman GnWr


Innate Abilities, Weirdness & Mutations

You reflexively headbutt those who attack you in melee.
You have a pair of horns on your head.


Message History

You barely miss the two-headed ogre.
The two-headed ogre is almost dead.
The two-headed ogre closely misses you.
The two-headed ogre hits you with a +0 giant spiked club!
* * * LOW HITPOINT WARNING * * *
You hit the two-headed ogre. You freeze the two-headed ogre.
You headbutt the two-headed ogre.
The two-headed ogre is almost dead.
You hit the two-headed ogre. You freeze the two-headed ogre.
You headbutt the two-headed ogre.
The two-headed ogre is almost dead.
The two-headed ogre hits you but does no damage.
The two-headed ogre barely misses you.
You barely miss the two-headed ogre.
You headbutt the two-headed ogre, but do no damage.
The two-headed ogre is almost dead.
The two-headed ogre hits you with a +0 giant club!
* * * LOW HITPOINT WARNING * * *
The two-headed ogre hits you with a +0 giant spiked club!!
You die... #H#..... ###...Y ..... .YY

#Y# #Y# #Y# #O# #@# #.#
####+### ###.#######
.......# #.........#
.......# #.........#
.......# #.........#
.......# ####.........#
.......# ##....(.......#
..<....###..##.........#


You could see a two-headed ogre and 5 yaks.

Vanquished Creatures
  2 two-headed ogres
  4 trolls
  The ghost of EnegeticOcto the Chopper, an amateur DDFi (D:4)
  Grinder (D:3)
  Prince Ribbit (D:6)
  A hippogriff (D:8)
  Sigmund (D:5)
  2 wraiths
  Grum (D:8)
  7 orc warriors
  2 ice beasts
  A phantom (D:7)
  2 sky beasts
  A black bear (D:7)
  5 ogres
  A necrophage (D:7)
  A centaur (D:8)
  2 wolves (D:8)
  A crocodile (D:8)
  A big kobold (D:10)
  Blork the orc (D:5)
  4 bullfrogs
  4 scorpions
  8 wights
  3 howler monkeys
  A bullfrog zombie (D:5)
  5 hounds
  A jelly (D:7)
  A bullfrog skeleton (D:6)
  6 orc priests
  6 orc wizards
  Crazy Yiuf (D:3)
  2 centaur skeletons
  Ijyb (D:4)
  Terence (D:3)
  3 worker ants
  A hound zombie (D:4)
  A hound skeleton (D:7)
  7 gnolls
  10 adders
  A shadow imp (D:6)
  An ufetubus (D:8)
  3 oozes
  3 worms
  A dart slug (D:1)
  6 leopard geckos
  27 orcs
  6 bats
  5 giant cockroaches
  5 goblins
  2 hobgoblins (D:2)
  12 jackals
  4 quokkas
  A ball python (D:2)
  3 frilled lizards
  10 kobolds
  2 leopard gecko zombies
  6 rats
203 creatures vanquished.

Vanquished Creatures (others)
  2 wolves (D:8)
  A jackal (D:8)
  17 fungi (D:8)
  16 plants (D:8)
36 creatures vanquished.

Grand Total: 239 creatures vanquished

Notes
Turn   | Place    | Note
-------+----------+-------------------------------------------
     0 | D:1      | nicanaca0 the Minotaur Berserker began the quest for the
                  | Orb.
     0 | D:1      | Reached XP level 1. HP: 19/19 MP: 0/0
    19 | D:1      | Reached skill level 4 in Axes
   168 | D:1      | Reached XP level 2. HP: 26/26 MP: 1/1
   465 | D:1      | Reached skill level 5 in Axes
   589 | D:2      | Reached XP level 3. HP: 28/31 MP: 2/2
   761 | D:2      | Reached ** piety under Trog
  1114 | D:2      | Reached skill level 6 in Axes
  1114 | D:2      | Reached XP level 4. HP: 39/39 MP: 3/3
  1528 | D:3      | Reached skill level 7 in Axes
  1528 | D:3      | Reached XP level 5. HP: 43/45 MP: 4/4
  1562 | D:3      | Noticed Grinder
  1614 | D:3      | Paralysed by Grinder for 4 turns
  1637 | D:3      | Killed Grinder
  1637 | D:3      | Reached skill level 8 in Axes
  1637 | D:3      | Reached XP level 6. HP: 30/51 MP: 5/5
  1810 | D:3      | Found a blossoming altar of Fedhas.
  1939 | D:3      | Noticed Terence
  1946 | D:3      | Killed Terence
  2150 | D:3      | Found a runed translucent door.
  2151 | D:3      | Noticed Crazy Yiuf
  2399 | D:3      | Reached skill level 9 in Axes
  2606 | D:3      | Killed Crazy Yiuf
  2646 | D:4      | Noticed Ijyb
  2654 | D:4      | Killed Ijyb
  2877 | D:4      | Found a staircase to the Ecumenical Temple.
  2955 | D:4      | Reached *** piety under Trog
  2955 | D:4      | Reached XP level 7. HP: 57/57 MP: 6/6
  2968 | D:4      | Found a burning altar of Makhleb.
  3018 | D:4      | Found a glowing silver altar of Zin.
  3019 | D:4      | Noticed an angel
  3021 | D:4      | Noticed a green death
  3090 | D:4      | Reached skill level 10 in Axes
  3490 | D:4      | Found a runed translucent door.
  3491 | D:4      | Noticed EnegeticOcto's ghost (amateur DDFi)
  3523 | D:4      | Killed EnegeticOcto's ghost
  3639 | D:5      | Entered Level 5 of the Dungeon
  3695 | D:5      | Noticed Blork the orc
  3712 | D:5      | Killed Blork the orc
  3712 | D:5      | Reached skill level 11 in Axes
  4038 | D:5      | Noticed Sigmund
  4045 | D:5      | Killed Sigmund
  4045 | D:5      | Reached XP level 8. HP: 66/66 MP: 7/7
  4562 | D:6      | Found a hide-covered altar of Uskayaw.
  5050 | D:6      | Noticed Prince Ribbit
  5058 | D:6      | Killed Prince Ribbit
  5058 | D:6      | Reached skill level 12 in Axes
  5236 | D:7      | Reached skill level 5 in Fighting
  5246 | D:7      | Found Taklo's Jewellery Emporium.
  5391 | D:7      | Reached XP level 9. HP: 69/75 MP: 8/8
  5393 | D:7      | Reached skill level 5 in Armour
  5395 | D:7      | Reached **** piety under Trog
  5696 | D:7      | Reached skill level 13 in Axes
  6083 | D:7      | Bought an uncursed amulet of reflection for 390 gold pieces
  6416 | D:8      | Noticed Grum
  6425 | D:8      | Killed Grum
  6641 | D:8      | Found a radiant altar of Vehumet.
  6715 | D:8      | Noticed a troll
  6719 | D:8      | Killed a troll
  6719 | D:8      | Reached skill level 14 in Axes
  6745 | D:8      | Reached XP level 10. HP: 85/86 MP: 9/9
  6752 | D:8      | Found a staircase to the Lair.
  6832 | D:8      | Found a shimmering altar of Xom.
  6921 | D:8      | Found Puptualy's Antique Armour Boutique.
  7256 | D:9      | Reached ***** piety under Trog
  7518 | D:9      | Noticed a two-headed ogre
  7526 | D:9      | Killed a two-headed ogre
  8505 | D:10     | Entered Level 10 of the Dungeon
  8561 | D:10     | Reached skill level 15 in Axes
  8774 | D:10     | Found Yggeh's Gadget Shop.
  9314 | D:10     | Noticed a two-headed ogre
  9321 | D:10     | Killed a two-headed ogre
  9630 | D:10     | Found a staircase to the Orcish Mines.
  9693 | D:11     | Reached XP level 11. HP: 86/97 MP: 10/10
  9814 | D:11     | Noticed a minotaur
  9814 | D:11     | Noticed Giecesh's ghost (journeyman GnWr)
  9814 | D:11     | Noticed a two-headed ogre
  9831 | D:11     | Slain by a two-headed ogre

Illustrated notes

Levels and vault maps discovered:
D:1:      nzn_arrival_crosshair, layout_rooms, minmay_misc_feat_more_columns,
          serial_bayou_pond_e
D:2:      layout_loops_cross, minivault_25, kennysheep_cross_bottleneck
D:3:      layout_loops_ring, fedhas_altar_4, feat_on_display, uniq_grinder,
          uniq_terence, uniq_crazy_yiuf_cottage
D:4:      layout_loops_corners, grunt_temple_overflow_order_and_chaos_2,
          minmay_temple_entry_offerings, gammafunk_ghost_grave, uniq_ijyb
D:5:      layout_basic, uniq_sigmund, uniq_blork_the_orc
D:6:      layout_gridville, old_standard_altar, uniq_prince_ribbit1
D:7:      layout_basic, serial_shops, shop
D:8:      layout_loops_ring, fiery_altar_vehumet, lemuel_crystal_altar,
          grunt_lair_entry_orc_guard_hut, serial_shops, shop_fountains,
          uniq_grum
D:9:      layout_grid_maze
D:10:     layout_layer_cave, david_orc_4, serial_shops, kennysheep_mini_moat
D:11:     layout_roguey, maelrawn_ghost_gauntlet_escape, minmay_fountain_box

Skill      XL: |  1  2  3  4  5  6  7  8  9 10 |
---------------+-------------------------------+-----
Axes           | 4 5 6 7 8 9 11 12 14 15 | 15.7
Fighting       | 4 5 7 9 |  9.4
Armour         | 3 4 7 9 |  9.1
Dodging        | |  2.1

Action                   |  1- 3 |  4- 6 |  7- 9 | 10-12 || total
-------------------------+-------+-------+-------+-------++-------
Melee: Hand axe          |    19 |       |       |       ||    19
       Headbutt          |    10 |    18 |    39 |    33 ||   100
       Whip              |    44 |   100 |    60 |       ||   204
       Battleaxe         |       |       |   158 |   136 ||   294
Throw: Dart              |       |       |     6 |     4 ||    10
Invok: Trog's Hand       |       |     2 |     2 |     2 ||     6
       Berserk           |       |       |     1 |       ||     1
  Use: Scroll            |       |       |     8 |     1 ||     9
Armor: Animal skin       |     1 |       |       |       ||     1
       Ring mail         |    21 |    19 |     2 |       ||    42
       Plate armour      |       |       |    90 |    64 ||   154
Dodge: Dodged            |    47 |    20 |    54 |    49 ||   170
Block: Tower shield      |       |    35 |    30 |       ||    65
       Other             |       |       |    13 |    19 ||    32
       Reflection        |       |       |       |     1 ||     1

Table legend: (Time is in decaauts)
 A = Elapsed time spent in this place.
 B = Non-inter-level travel time spent in this place.
 C = Inter-level travel time spent in this place.
 D = Time resting spent in this place.
 E = Time spent auto-exploring this place.
 F = Levels seen in this place.
 G = Mean time per level.
                   A        B        C        D        E       F      G
               +--------+--------+--------+--------+--------+-----+--------+
         Total |   9840 |   9492 |    348 |    404 |   7769 |  11 |  894.5 |
       Dungeon |   9840 |   9492 |    348 |    404 |   7769 |  11 |  894.5 |
               +--------+--------+--------+--------+--------+-----+--------+

Top non-repeatable levels by time:
     D:9: 1349 daAuts
    D:10: 1178 daAuts
     D:3: 1114 daAuts
     D:8: 1052 daAuts
     D:4: 1018 daAuts
     D:2: 963 daAuts
     D:5: 950 daAuts
     D:7: 878 daAuts
     D:6: 643 daAuts
     D:1: 548 daAuts
    D:11: 143 daAuts
